AoeStats
← yt536390

Migration

510086103Analyzed
1v1 RM · 3d ago on Sep 29, 2026· 24m 47s· 2 players
Game mode
Random Map
Map size
132×132
Population
200
Speed
Normal
Resources
Standard
Victory
Conquest
Starting age
Dark Age
Ending age
Imperial Age
RankedLock teamsTeams togetherTeam positionsShared explorationLock speedFull tech treeHidden civsTurbo modeCheats
Victory
Defeat
🇨🇳 Dravidians · China
1821
+22
🇧🇾 Dravidians · Belarus
1967
-22
Oni.Vinchester
9:51 Feudal Age
10:32 Double-Bit Axe
14:55 Loom
22:37 Castle Age
22:55 Forging
23:31 Medium Warships
23:44 Demolition Ship
yt536390
12:11 Feudal Age
15:50 Castle Age
13:40 Double-Bit Axe
14:57 Forging
16:46 Medium Warships
16:39 Demolition Ship
16:44 Demolition Ship
22:19 Iron Casting
22:33 Gold Mining
Connection lost

Rejoining the realm…

Still unreachable

The connection could not be restored.

Session expired

The server has moved on; the page needs a fresh start.